 Dungeon Crawl Stone Soup version 0.30-a0-1124-g6e8f0f562f (webtiles) character file.

Game seed: 9072293092107913434

81 CowFu the Ruffian (level 4, -3/35 HPs)
             Began as a Draconian Transmuter on Apr 23, 2023.
             Was a Follower of Lugonu.
             Slain by a goblin
             ... wielding a +0 dagger
             ... led by Robin
              (5 damage)
             ... on level 3 of the Dungeon.
             The game lasted 00:01:45 (1852 turns).

CowFu the Ruffian (Draconian Transmuter)            Turns: 1852, Time: 00:01:46

Health: -3/35      AC:  5    Str: 15    XL:     4   Next: 20%
Magic:  6/7        EV: 12    Int: 13    God:    Lugonu [*.....]
Gold:   111        SH:  0    Dex: 11    Spells: 6/7 levels left

rFire   . . .        k - +4 dagger (elec)
rCold   . . .        (no shield)
rNeg    . . .        (body armour unavailable)
rPois   .            (helmet currently unavailable)
rElec   .            (no cloak)
rCorr   .            (no gloves)
SInv    .            (boots currently unavailable)
Will    .....        (no amulet)
Stlth   +            (no ring)
HPRegen 0.25/turn    (no ring)
MPRegen 0.10/turn

%: no passive effects
@: appendages (expiring)
A: horns 2, talons 2, AC +5, unfitting armour, cold-blooded
a: End Transformation, Renounce Religion, Depart the Abyss


You were on level 3 of the Dungeon.
You worshipped Lugonu.
Lugonu was aware of your devotion.
You had temporarily grown beastly horns and talons.
You visited 1 branch of the dungeon, and saw 3 of its levels.

You collected 111 gold pieces.

Inventory:

Hand Weapons
 k - a +4 dagger of electrocution (weapon)
Jewellery
 b - a ring of positive energy
Scrolls
 c - 3 scrolls of teleportation
 d - a scroll of vulnerability {unknown}
 e - a scroll of fog {unknown}
 f - a scroll of enchant weapon {unknown}
 g - 2 scrolls of identify {unknown}
 i - a scroll of fear {unknown}
 m - a scroll of summoning {unknown}
Potions
 a - 2 potions of lignification
 h - 3 potions of attraction {unknown}
 j - a potion of flight {unknown}
 l - a potion of mutation {unknown}
 n - a potion of curing {unknown}


   Skills:
 - Level 1.1 Fighting
 - Level 1.7 Dodging
 - Level 4.8 Unarmed Combat
 - Level 2.0 Spellcasting
 + Level 2.4 Transmutations


You had 6 spell levels left.
You knew the following spells:

 Your Spells              Type           Power      Damage    Failure   Level
a - Beastly Appendage     Tmut           14%        N/A       10%         1

Your spell library contained the following spells:

 Spells                   Type           Power      Damage    Failure   Level
 Wereblood                Tmut           7%         N/A       14%         2
 Spider Form              Tmut/Pois      4%         N/A       43%         3
 Vhi's Electric Charge    Tloc/Air       2%         N/A       58%         3
 Ice Form                 Ice/Tmut       4%         N/A       83%         4
 Arcjolt                  Conj/Air       0%         1d10      100%        5
 Maxwell's Capacitive Co  Air            0%         ∞         100%        8


Dungeon Overview and Level Annotations

Branches:
Dungeon (3/15)

Altars:
Lugonu


Innate Abilities, Weirdness & Mutations

You have temporarily grown beastly horns and talons.
Your plain brown scales are hard. (AC +5)
You cannot fit into any form of body armour.
You are cold-blooded and may be slowed by cold attacks.


Message History

The ball python barely misses you. The ball python grabs you.
The ball python constricts you.
Casting: Beastly Appendage (safe; 10% risk of failure)
Confirm with . or Enter, or press ? or * to list all spells.
You grow a pair of large bovine horns.
Your feet morph into talons.
The ball python bites you. The ball python constricts you.
You hit the ball python.
The ball python is severely wounded.
Your transformation is almost over.
The ball python bites you but does no damage.
The ball python constricts you. Robin throws the goblin at you!
You hit the goblin.
The goblin is severely wounded.
The ball python bites you.
* * * LOW HITPOINT WARNING * * *
The ball python constricts you. The goblin completely misses you.
You closely miss the ball python. Your punch misses the ball python.
The ball python is severely wounded.
The ball python bites you but does no damage.
The ball python constricts you. The goblin hits you but does no damage.
You hit the ball python.
You kill the ball python!
Lugonu accepts your kill. The goblin hits you but does no damage.
You hit Robin.
Robin is lightly wounded.
The goblin hits you with a +0 dagger.
* * * LOW HITPOINT WARNING * * *
Robin hits you with a +6 club.
* * * LOW HITPOINT WARNING * * *
You hit Robin. Your kick misses Robin.
Robin is moderately wounded.
The goblin hits you but does no damage. Robin hits you with a +6 club.
* * * LOW HITPOINT WARNING * * *
You hit Robin. Lightning courses through Robin!
You claw Robin, but do no damage. You headbutt Robin.
You kill Robin!
Lugonu accepts your kill. The goblin hits you with a +0 dagger.
You die...

#..#.######.#
#............
####.##.####....
.....##.### ...
#.........# #.
#.#######.# #.### # #.#
#...### #### #g#
##+....### ..#
#@###..†.....# ##.#
#g##.........# #
#.##..###.#........####..
#................####....
##.............####......
##...####..g.........#
##..# ##.......#####
.........#.....##
#.........##...##


You could see a hobgoblin (strong) and a goblin (strong).

Vanquished Creatures
  Jessica (D:2)
  Robin (D:3)
  A worm (D:2)
  2 dart slugs
  6 bats
  3 endoplasms
  2 giant cockroaches (D:1)
  6 goblins
  4 hobgoblins
  5 kobolds
  A quokka (D:3)
  5 ball pythons
  2 frilled lizards (D:2)
  12 rats
51 creatures vanquished.

Notes
Turn   | Place    | Note
-------+----------+-------------------------------------------
     0 | D:1      | CowFu the Draconian Transmuter began the quest for the Orb.
     0 | D:1      | Reached XP level 1. HP: 16/16 MP: 3/3
   228 | D:1      | Reached XP level 2. HP: 21/23 MP: 3/5
   589 | D:1      | Reached skill level 4 in Unarmed Combat
   847 | D:2      | Noticed Jessica
   852 | D:2      | Killed Jessica
   853 | D:2      | Reached XP level 3. HP: 28/28 MP: 4/6
  1381 | D:2      | Reached XP level 4. HP: 26/35 MP: 5/7
  1489 | D:2      | Found a faded altar of an unknown god.
  1639 | D:2      | Prayed at the altar of an unknown god.
  1639 | D:2      | Became a worshipper of Lugonu the Unformed
  1639 | D:2      | Reached * piety under Lugonu
  1820 | D:3      | Noticed Robin
  1852 | D:3      | Killed Robin
  1852 | D:3      | Slain by a goblin

Illustrated notes

Levels and vault maps discovered:
D:1:      dpeg_arrival_yet_another_circle, layout_basic, serial_glass,
          glass_columns_a, glass_columns_c, minmay_strange_pillars,
          minmay_close_crescents
D:2:      layout_rooms, hellmonk_ecumenical_altar_crossroads,
          minmay_rat_gold_closets, uniq_jessica
D:3:      layout_loops_corners, chequers_decorated_corner,
          amcnicky_mini_corridor_feature, minmay_misc_feat_x, uniq_robin

Skill      XL: |  1  2 |
---------------+-------+-----
Unarmed Combat | 4 |  4.8
Fighting       | |  1.1
Dodging        | |  1.7
Spellcasting   | |  2.0
Transmutations | |  2.4

Action                     |  1- 3 |  4- 6 || total
---------------------------+-------+-------++-------
  Melee: Unarmed           |    68 |       ||    68
         Kick              |    14 |     6 ||    20
         Tailslap          |     8 |     1 ||     9
         Punch             |     2 |       ||     2
         Headbutt          |     8 |     3 ||    11
         Dagger            |     5 |    34 ||    39
   Cast: Beastly Appendage |    40 |    10 ||    50
    Use: Scroll            |     1 |       ||     1
   Stab: Sleeping          |       |     1 ||     1
 Armour: Skin              |    26 |    25 ||    51
  Dodge: Dodged            |    51 |    40 ||    91

Table legend: (Time is in decaauts)
 A = Elapsed time spent in this place.
 B = Non-inter-level travel time spent in this place.
 C = Inter-level travel time spent in this place.
 D = Time resting spent in this place.
 E = Time spent auto-exploring this place.
 F = Levels seen in this place.
 G = Mean time per level.
                   A        B        C        D        E       F      G
               +--------+--------+--------+--------+--------+-----+--------+
         Total |   1848 |   1767 |     81 |      0 |   1413 |   3 |  616.0 |
       Dungeon |   1848 |   1767 |     81 |      0 |   1413 |   3 |  616.0 |
               +--------+--------+--------+--------+--------+-----+--------+

Top non-repeatable levels by time:
     D:2: 877 daAuts
     D:1: 844 daAuts
     D:3: 126 daAuts
